 Dungeon Crawl Stone Soup version 0.24.1-4-ge52af88ad5 (webtiles) character file.

Game seed: 12480990692482607344, levelgen mode: deterministic

921 H0rd4k the Charlatan (level 8, -2/58 HPs)
             Began as a Human Artificer on Apr 14, 2020.
             Was an Initiate of Gozag.
             Slain by a wyvern zombie (13 damage)
             ... on level 7 of the Dungeon.
             The game lasted 00:10:23 (6097 turns).

H0rd4k the Charlatan (Human Artificer)              Turns: 6097, Time: 00:10:24

Health: -2/58      AC:  5    Str: 15    XL:     8   Next: 31%
Magic:  11/11      EV: 13    Int: 12    God:    Gozag
Gold:   667        SH:  0    Dex: 13    Spells: 7/7 levels left

rFire    . . .     SeeInvis .   B - +1 short sword (venom)
rCold    . . .     Gourm    .   (no shield)
rNeg     . . .     Faith    .   b - +0 leather armour
rPois    .         Spirit   .   (no helmet)
rElec    .         Reflect  .   C - +1 cloak
rCorr    .         Harm     .   (no gloves)
MR       .....                  (no boots)
Stlth    ++........             (no amulet)
HPRegen  0.19/turn              (no ring)
MPRegen  0.12/turn              (no ring)

@: gold aura, starving
A: no striking features
a: Potion Petition, Call Merchant, Bribe Branch, Renounce Religion


You were on level 7 of the Dungeon.
You worshipped Gozag.
Gozag was pleased with you.
You were starving.

You visited 1 branch of the dungeon, and saw 7 of its levels.

You collected 693 gold pieces.
You paid 26 gold pieces to Gozag.

Inventory:

Hand Weapons
 a - a +0 short sword
 q - a +0 falchion
 s - a cursed -3 hand axe
 B - a +1 short sword of venom (weapon)
Missiles
 p - 2 atropa-tipped darts (quivered)
Armour
 b - a +0 leather armour (worn)
 C - a +1 cloak (worn)
Magical Staves
 v - an uncursed staff of air {unknown}
Jewellery
 w - an uncursed ring of resist corrosion
 E - an uncursed amulet of regeneration {unknown}
Wands
 d - a wand of enslavement (1)
 e - a wand of random effects (22)
 u - a wand of flame (1)
Scrolls
 c - a scroll of amnesia {unknown}
 g - 8 scrolls of identify
 h - a scroll of blinking {unknown}
 i - 3 scrolls of enchant weapon {unknown}
 k - 3 scrolls of immolation
 l - 4 scrolls of teleportation
 m - 2 scrolls of magic mapping
 r - 5 scrolls of remove curse
 y - a scroll of random uselessness {unknown}
Potions
 j - a potion of curing
 n - 3 potions of flight
 o - a potion of berserk rage {unknown}
 t - 2 potions of might
 x - a potion of haste {unknown}
 z - a potion of magic {unknown}
 A - a potion of brilliance {unknown}
 D - a potion of degeneration {unknown}
Comestibles
 f - 7 rations


   Skills:
 + Level 3.2 Fighting
 + Level 3.2(3.9) Short Blades
 + Level 3.2(3.9) Long Blades
 + Level 3.1 Armour
 + Level 3.7 Dodging
 + Level 3.6 Stealth
 + Level 4.6 Evocations


You had 7 spell levels left.
You didn't know any spells.
Your spell library was empty.

Dungeon Overview and Level Annotations

Branches:
Dungeon (7/15)             Temple (0/1) D:6

Altars:
Ashenzari
Elyvilon
Gozag
Qazlal
Uskayaw
Yredelemnul

Shops:
D:6 %

Annotations:
D:5 Eustachio, Sigmund
D:6 2 transporters, VPR's ghost, amateur GrEE


Message History

The puff of flame hits the wyvern zombie!
The wyvern zombie is heavily damaged.
The wyvern zombie bites you. The wyvern zombie bites you!
Evoke which item? (* to show all) (? for menu, Esc to quit)
Aiming: Throw Flame
Press: ? - help, Shift-Dir - straight line, f/p - wyvern zombie
Aim: a wyvern zombie (heavily damaged)
The puff of flame hits the wyvern zombie.
The wyvern zombie is heavily damaged.
The wyvern zombie bites you!
* * * LOW HITPOINT WARNING * * *
Evoke which item? (* to show all) (? for menu, Esc to quit)
Aiming: Throw Flame
Press: ? - help, Shift-Dir - straight line, f/p - wyvern zombie
Aim: a wyvern zombie (heavily damaged)
The puff of flame hits the wyvern zombie!
The wyvern zombie is severely damaged.
The wyvern zombie bites you!
You die...
Your body crumbles into a pile of gold.

.# .### ...#
###...# . ##.#...#
....#######...#.##
.......Z@........+
...#####.##...#.##
#.##.....#
#.##.#.###
#.##<#.# #.##.#.#
#......# #
####.### .#
#.##########.##


You could see a wyvern zombie.

Vanquished Creatures
  Blork the orc (D:5)
  A bullfrog (D:6)
  A scorpion (D:5)
  A centaur skeleton (D:4)
  A bullfrog zombie (D:7)
  2 hounds
  An orc priest (D:6)
  An orc wizard (D:3)
  4 iguanas
  Natasha (thrice) (D:2)
  2 worker ants
  2 howler monkey skeletons (D:5)
  6 adders
  A shadow imp (D:5)
  An ooze (D:1)
  An adder zombie (D:6)
  An adder skeleton (D:6)
  4 worms
  2 dart slugs
  2 leopard geckos
  4 orcs
  2 giant cockroaches
  5 goblins
  5 hobgoblins
  2 jackals (D:2)
  8 kobolds
  A quokka (D:3)
  A ball python (D:6)
  5 bats
  5 frilled lizards
  A jackal skeleton (D:4)
  10 rats
87 creatures vanquished.

Vanquished Creatures (collateral kills)
  Edmund (D:5)
  A bullfrog zombie (D:6)
  An orc wizard (D:3)
  A howler monkey skeleton (D:5)
  A leopard gecko (D:3)
  A jackal (D:2)
6 creatures vanquished.

Vanquished Creatures (others)
  An adder (D:2)
  2 orcs (D:3)
3 creatures vanquished.

Grand Total: 96 creatures vanquished

Notes
Turn   | Place    | Note
-------+----------+-------------------------------------------
     0 | D:1      | H0rd4k the Human Artificer began the quest for the Orb.
     0 | D:1      | Reached XP level 1. HP: 15/15 MP: 3/3
    94 | D:1      | Reached XP level 2. HP: 13/21 MP: 4/4
   255 | D:1      | Reached XP level 3. HP: 14/26 MP: 5/5
  1060 | D:2      | Found an opulent altar of Gozag.
  1101 | D:2      | Reached XP level 4. HP: 32/32 MP: 6/6
  1188 | D:2      | Became a worshipper of Gozag Ym Sagoz the Greedy
  1214 | D:2      | Found a hide-covered altar of Uskayaw.
  1383 | D:2      | Noticed Natasha
  1391 | D:2      | Killed Natasha
  1391 | D:2      | Reached skill level 1 in Armour
  1409 | D:2      | Noticed Natasha
  1438 | D:2      | Killed Natasha
  1438 | D:2      | Reached skill level 4 in Evocations
  1438 | D:2      | Reached XP level 5. HP: 12/37 MP: 6/8
  1715 | D:2      | Noticed Natasha
  1717 | D:2      | Killed Natasha
  1780 | D:3      | Found a basalt altar of Yredelemnul.
  1792 | D:3      | Reached skill level 1 in Long Blades
  2119 | D:3      | Found a shattered altar of Ashenzari.
  2521 | D:3      | Reached XP level 6. HP: 39/44 MP: 9/9
  2656 | D:3      | Found a faded altar of an unknown god.
  3097 | D:4      | Found a white marble altar of Elyvilon.
  3387 | D:4      | Found a stormy altar of Qazlal.
  3387 | D:4      | Noticed a fire elemental
  3400 | D:4      | Noticed a water elemental
  3403 | D:4      | Noticed an air elemental
  3807 | D:5      | Entered Level 5 of the Dungeon
  3807 | D:5      | Noticed Blork the orc
  3807 | D:5      | Noticed Edmund
  3820 | D:5      | Killed Edmund
  3820 | D:5      | Reached XP level 7. HP: 27/50 MP: 10/10
  3823 | D:5      | Killed Blork the orc
  4200 | D:5      | Noticed Sigmund
  4499 | D:5      | Noticed Eustachio
  4919 | D:6      | Found a staircase to the Ecumenical Temple.
  5000 | D:6      | Reached XP level 8. HP: 30/57 MP: 11/11
  5469 | D:6      | Found Qatuss's Food Shop.
  5669 | D:6      | Found a transporter.
  5697 | D:6      | Found a transporter.
  5697 | D:6      | Noticed VPR's ghost (amateur GrEE)
  6097 | D:7      | Slain by a wyvern zombie

Levels and vault maps discovered:
D:1:      mrwooster_arrival_statue_2, layout_basic
D:2:      layout_rooms, overflow_temple_1_default, lemuel_doored_altar,
          uniq_natasha
D:3:      layout_basic, lemuel_crystal_altar, nicolae_overflow_crystal_walls,
          chequers_ecumenical_altar_island, minmay_quadrilaterals
D:4:      layout_basic, nicolae_qazlal_style_of_elements, lemuel_round_altar,
          first_ration
D:5:      layout_gridville, uniq_blork_the_orc, uniq_sigmund, uniq_eustachio,
          uniq_edmund
D:6:      layout_cave_pods, grunt_dithmenos_shadows, minmay_temple_entry_mist,
          serial_shops, shop, gammafunk_ghost_mausoleum
D:7:      layout_loops_corners, grunt_temple_overflow_order_and_chaos_2

Skill      XL: |  1  2  3  4  5  6  7  8 |
---------------+-------------------------+-----
Short Blades   | 2 3 |  3.2
Armour         | 1 2 3 |  3.1
Evocations     | 4 |  4.6
Long Blades    | 1 2 3 |  3.2
Fighting       | 2 3 |  3.2
Stealth        | 2 3 |  3.6
Dodging        | 3 |  3.7

Action                   |  1- 3 |  4- 6 |  7- 9 || total
-------------------------+-------+-------+-------++-------
Melee: Short sword       |    74 |       |   178 ||   252
       Falchion          |       |   148 |     1 ||   149
Evoke: Wand              |     4 |    28 |    19 ||    51
  Use: Scroll            |       |       |     5 ||     5
       Potion            |       |       |     3 ||     3
 Stab: Sleeping          |     1 |     3 |     2 ||     6
       Paralysed         |       |     7 |       ||     7
       Distracted        |       |     1 |     1 ||     2
  Eat: Chunk             |       |     1 |       ||     1
       Ration            |       |     2 |     2 ||     4
Armor: Leather armour    |    12 |    26 |    30 ||    68
Dodge: Dodged            |    53 |    70 |   115 ||   238
       Rpst.: Falchion   |       |    23 |       ||    23
